 Dungeon Crawl Stone Soup version 0.21.0 (webtiles) character file.

56 HungrySpirit the Slasher (level 3, -2/28 HPs)
             Began as a Vampire Skald on Jan 6, 2018.
             Slain by an orc
             ... wielding a +0 mace
              (3 damage)
             ... on level 3 of the Dungeon.
             The game lasted 00:03:29 (2060 turns).

HungrySpirit the Slasher (Vampire Skald)            Turns: 2060, Time: 00:03:30

Health: -2/28      AC:  3    Str: 10    XL:     3   Next: 69%
Magic:  0/6        EV: 12    Int: 20    God:
Gold:   113        SH:  0    Dex: 14    Spells: 3/6 levels left

rFire    . . .     SeeInvis +   a - +0 falchion
rCold    . . .     Gourm    .   (no shield)
rNeg     . . .     Faith    .   b - +0 leather armour
rPois    .         Spirit   .   (no helmet)
rElec    .         Reflect  .   (no cloak)
rCorr    .         Harm     .   (no gloves)
MR       .....                  (no boots)
Stlth    +.........             (no amulet)
HPRegen  0.29/turn              (no ring)
MPRegen  0.10/turn              (no ring)

@: brilliant, infused, regenerating quickly
A: fangs 3, see invisible, unbreathing
a: no special abilities


You were on level 3 of the Dungeon.
You were very full.

You visited 1 branch of the dungeon, and saw 3 of its levels.

You collected 113 gold pieces.

Inventory:

Hand Weapons
 a - a +0 falchion (weapon)
Armour
 b - a +0 leather armour (worn)
Scrolls
 h - a scroll of noise {unknown}
 j - a scroll of identify {unknown}
 l - 2 scrolls of remove curse {unknown}
 m - a scroll of magic mapping {unknown}
 n - a scroll of enchant armour {unknown}
 p - a scroll of amnesia {unknown}
Potions
 e - a potion of curing {unknown}
 g - a potion of agility {unknown}
 i - 2 potions of degeneration {unknown}
 k - a potion of might {unknown}
 o - a potion of heal wounds {unknown}
Books
 c - a book of Battle

   Spells                             Type                      Level
   a - Infusion                       Charms                       1
   b - Shroud of Golubria             Charms/Translocation         2
   c - Song of Slaying                Charms                       2
   d - Spectral Weapon                Hexes/Charms                 3
   e - Regeneration                   Charms/Necromancy            3


   Skills:
 + Level 2.5 Fighting
 * Level 3.5 Long Blades
 - Level 0.7 Armour
 - Level 2.1 Dodging
 - Level 2.0 Spellcasting
 - Level 3.2 Charms


You had 3 spell levels left.
You knew the following spells:

 Your Spells              Type           Power        Failure   Level  Hunger
a - Infusion              Chrm           ####         1%          1    #......
b - Shroud of Golubria    Chrm/Tloc      ###.......   2%          2    ##.....


Dungeon Overview and Level Annotations

Branches:
Dungeon (3/15)

Altars:
Trog


Innate Abilities, Weirdness & Mutations

Your natural rate of healing is unusually fast.
You have razor-sharp teeth.
You have supernaturally acute eyesight. (SInv)
You can survive without breathing.


Message History

You closely miss the orc wizard. The orc barely misses you.
The orc closely misses you.
The orc wizard hits you but does no damage.
Yummy - fresh blood!
The orc closely misses you. x2
The orc wizard barely misses you.
You riposte.
You hit the orc wizard.
The orc wizard is lightly wounded.
You hit the orc wizard.
The orc wizard is moderately wounded.
The orc hits you with a whip. The orc wizard casts a spell at you.
The puff of flame hits you!
* * * LOW HITPOINT WARNING * * *
The orc closely misses you.
You riposte.
You hit the orc.
The orc is moderately wounded.
It was a potion of brilliance.
You feel clever all of a sudden. The orc closely misses you.
The orc wizard hits you with a dagger.
* * * LOW HITPOINT WARNING * * *
The orc hits you with a mace.
You die...

##########
#.o@o....#
#.##o.......
#..
......###
#..##.##..#
#o. ... ..#
#.# #.# ##
#. ..# ..
.##


You could see an orc wizard (invisible) and 2 orcs.

Vanquished Creatures
  An adder (D:2)
  An ooze (D:1)
  A worm (D:2)
  2 dart slugs
  2 leopard geckos
  3 orcs (D:3)
  5 bats
  2 giant cockroaches (D:1)
  2 hobgoblins
  2 jackals (D:1)
  3 kobolds (D:1)
  A quokka (D:2)
  3 frilled lizards
  3 rats
31 creatures vanquished.

Notes
Turn   | Place    | Note
-------+----------+-------------------------------------------
     0 | D:1      | HungrySpirit the Vampire Skald began the quest for the Orb.
     0 | D:1      | Reached XP level 1. HP: 16/16 MP: 3/3
   445 | D:1      | Reached XP level 2. HP: 17/22 MP: 5/5
  1158 | D:2      | Reached XP level 3. HP: 14/27 MP: 1/6
  1694 | D:2      | Learned a level 2 spell: Shroud of Golubria
  2001 | D:2      | Found a bloodstained altar of Trog.
  2060 | D:3      | HP: 1/28 [orc wizard/dagger (1)]
  2060 | D:3      | Slain by an orc

Skill      XL: |  1  2 |
---------------+-------+-----
Fighting       | 2 |  2.5
Long Blades    | 3 |  3.5
Armour         | |  0.7
Dodging        | |  2.1
Spellcasting   | |  2.0
Charms         | |  3.2

Action                   || total
-------------------------++-------
Melee: Falchion          ||    96
       Bite              ||    12
 Cast: Infusion          ||    10
  Use: Potion            ||     2
  Eat: Corpse            ||    12
Armor: Leather armour    ||    32
Dodge: Dodged            ||    68
       Rpst.: Falchion   ||    19
